 Dungeon Crawl Stone Soup version 0.29-a0-341-g24ffce5b50 (webtiles) character file.

Game seed: 18162492796235139551

658 siradein the Magician (level 7, -2/36 HPs)
             Began as a Deep Elf Fire Elementalist on Apr 21, 2022.
             Was an Initiate of Vehumet.
             Slain by a gnoll
             ... wielding a +1 flail of holy wrath
              (13 damage)
             ... on level 5 of the Dungeon.
             The game lasted 00:14:31 (5050 turns).

siradein the Magician (Deep Elf Fire Elementalist)  Turns: 5050, Time: 00:14:31

Health: -2/36      AC:  4    Str:  5    XL:     7   Next: 30%
Magic:  16/17      EV: 14    Int: 22    God:    Vehumet [......]
Gold:   314        SH:  0    Dex: 15    Spells: 4/17 levels left

rFire   . . .      SeeInvis .   s - +2 whip (elec)
rCold   + . .      Faith    .   (no shield)
rNeg    . . .      Spirit   .   a - +0 robe
rPois   .          Reflect  .   k - +0 helmet
rElec   .          Harm     .   (no cloak)
rCorr   .          Rampage  .   (no gloves)
Will    .....                   e - +0 pair of boots
Stlth   +++.......              (no amulet)
HPRegen 0.12/turn               u - ring of protection from cold
MPRegen 0.15/turn               (no ring)

@: no status effects
A: no striking features
a: Renounce Religion


You were on level 5 of the Dungeon.
You worshipped Vehumet.
Vehumet was noncommittal.
You visited 2 branches of the dungeon, and saw 7 of its levels.
You also visited: Sewer.

You collected 314 gold pieces.

Inventory:

Hand Weapons
 s - a +2 whip of electrocution (weapon)
Armour
 a - a +0 robe (worn)
 e - a +0 pair of boots (worn)
 k - a +0 helmet (worn)
Magical Staves
 i - a staff of death
Jewellery
 l - a ring of ice
 u - a ring of protection from cold (left hand)
Scrolls
 c - 3 scrolls of blinking
 f - 2 scrolls of fog
 j - a scroll of vulnerability {unknown}
 m - 2 scrolls of fear {unknown}
 n - 2 scrolls of teleportation {unknown}
 o - 2 scrolls of enchant armour {unknown}
 p - 2 scrolls of amnesia {unknown}
 q - a scroll of immolation {unknown}
Potions
 b - a potion of magic
 d - 2 potions of berserk rage
 g - 2 potions of haste
 h - 2 potions of flight
 r - a potion of mutation {unknown}
 t - a potion of lignification {unknown}


   Skills:
 - Level 4.7 Dodging
 + Level 5.2 Stealth
 + Level 5.5 Spellcasting
 + Level 3.9 Conjurations
 + Level 5.0 Fire Magic


You had 4 spell levels left.
You knew the following spells:

 Your Spells              Type           Power      Damage    Failure   Level
a - Foxfire               Conj/Fire      100%       2x1d9     1%          1
b - Scorch                Fire           56%        2d8       1%          2
c - Conjure Flame         Conj/Fire      26%        6-21      4%          3
d - Inner Flame           Hex/Fire       17%        N/A       10%         3
e - Flame Wave            Conj/Fire      26%        2d7       14%         4

Your spell library contained the following spells:

 Spells                   Type           Power      Damage    Failure   Level
 Frozen Ramparts          Ice            12%        1d3       28%         3
 Ice Form                 Ice/Tmut       6%         N/A       67%         4
 Summon Ice Beast         Ice/Summ       6%         N/A       67%         4


Dungeon Overview and Level Annotations

Branches:
Dungeon (6/15)             Temple (1/1) D:4           Sewer (visited)

Altars:
Cheibriados
Dithmenos
Elyvilon
Fedhas
Gozag
Hepliaklqana
Kikubaaqudgha
Makhleb
Okawaru
Qazlal
Ru
Sif Muna
Trog
Uskayaw
Vehumet
Xom
Yredelemnul
Zin
The Shining One

Shops:
D:3 (

Annotations:
D:4 1 runed translucent door, Crazy Yiuf
D:6 1 runed translucent door, Dowan


Message History

You conjure some foxfire!
The phantom hits you but does no damage.
The foxfire hits the phantom.
You destroy the phantom!
Vehumet accepts your kill.
Your Fire Magic skill increases to level 5!
The foxfire hits the death knight.
The death knight is lightly wounded.
There is a stone staircase leading up here.
You climb upwards.
There is a stone staircase leading down here.
You start resting.
Magic restored.
You start resting.
HP restored.
You see here 21 stones.
There is a stone staircase leading down here.
You climb downwards.
Level annotation: 1 runed translucent door, Dowan The gnoll shouts! x3; The gnoll sergeant shouts!
The gnoll shouts!
The gnoll closely misses you.
There is a stone staircase leading up here.
The gnoll sergeant hits you from afar with a +0 spear.
The gnoll misses you. The gnoll hits you but does no damage.
The gnoll hits you with a +1 flail of holy wrath!
You climb upwards.
There is a stone staircase leading down here.
You conjure some foxfire!
The gnoll hits you with a +2 whip of electrocution.
The gnoll hits you with a +1 flail of holy wrath!
* * * LOW HITPOINT WARNING * * *
The foxfire hits the gnoll.
The gnoll is heavily wounded.
The foxfire hits the gnoll.
The gnoll is lightly wounded.
The gnoll misses you. The gnoll barely misses you.
You are too injured to fight recklessly!
The gnoll barely misses you.
The gnoll hits you with a +1 flail of holy wrath!
You die...

#.####.##.# ##..#
#.....#.....#. ..#
#.##.# #..#
#######.#...#. #.#
#.##.#####..#
#.#####.
#.####...........#
#.##....
#.#.#####.#####..#
#.##.##.
...........# #..#
#.##.###
#.#........# #..#
#.##.#
#.#.######.####.g#
#.##.# #...#
#......@# #.##.#
##### #######g#
#.##.# #.# #.##.#
#.# #....# #.#
###### ###


You could see 2 gnolls.

Vanquished Creatures
  2 water moccasins
  A phantom (D:6)
  A bullfrog (D:4)
  A scorpion (D:5)
  3 hounds
  An iguana (D:5)
  An orc wizard (D:4)
  4 adders
  An ufetubus (D:5)
  3 dart slugs
  5 orcs
  8 endoplasms
  5 giant cockroaches
  3 goblins (D:1)
  2 hobgoblins (D:1)
  2 jackals (D:2)
  A kobold (D:2)
  2 quokkas
  2 ball pythons
  11 bats
  A frilled lizard (D:1)
  5 rats
65 creatures vanquished.

Vanquished Creatures (collateral kills)
  A foxfire (D:2)
1 creature vanquished.

Vanquished Creatures (others)
  195 foxfires
195 creatures vanquished.

Grand Total: 261 creatures vanquished

Notes
Turn   | Place    | Note
-------+----------+-------------------------------------------
     0 | D:1      | siradein the Deep Elf Fire Elementalist began the quest for
                  | the Orb.
     0 | D:1      | Reached XP level 1. HP: 10/10 MP: 6/6
   499 | D:1      | Reached XP level 2. HP: 8/15 MP: 5/8
  1370 | D:2      | Reached XP level 3. HP: 19/19 MP: 5/9
  1373 | D:2      | Learned a level 2 spell: Scorch
  1377 | D:2      | Learned a level 3 spell: Conjure Flame
  1495 | D:2      | Found a faded altar of an unknown god.
  1497 | D:2      | Noticed a shining eye
  1498 | D:2      | Noticed a great orb of eyes
  1498 | D:2      | Noticed a great orb of eyes
  1498 | D:2      | Noticed a shining eye
  1630 | D:2      | Reached XP level 4. HP: 7/24 MP: 3/11
  2098 | D:3      | Found a stormy altar of Qazlal.
  2107 | D:3      | Found Sunihia's Antique Weapon Emporium.
  2196 | D:3      | Found a glowing drain.
  2200 | Sewer    | Entered a sewer
  2275 | Sewer    | Learned a level 3 spell: Inner Flame
  2275 | Sewer    | Noticed a water moccasin
  2283 | Sewer    | Killed a water moccasin
  2284 | Sewer    | Reached XP level 5. HP: 28/28 MP: 1/13
  2876 | D:4      | Found a staircase to the Ecumenical Temple.
  2889 | Temple   | Entered the Ecumenical Temple
  3172 | Temple   | Became a worshipper of Vehumet
  3240 | D:4      | Reached XP level 6. HP: 32/32 MP: 10/15
  3245 | D:4      | Learned a level 4 spell: Flame Wave
  3334 | D:4      | Found a runed translucent door.
  3335 | D:4      | Noticed Crazy Yiuf
  3944 | D:5      | Entered Level 5 of the Dungeon
  4024 | D:5      | Noticed a water moccasin
  4035 | D:5      | Killed a water moccasin
  4036 | D:5      | Reached skill level 5 in Spellcasting
  4116 | D:5      | Reached XP level 7. HP: 36/36 MP: 10/17
  4204 | D:5      | Reached skill level 5 in Stealth
  4902 | D:6      | Noticed Dowan
  4915 | D:6      | Found a runed translucent door.
  4919 | D:6      | Noticed a death knight
  4924 | D:6      | Reached skill level 5 in Fire Magic
  5050 | D:5      | Slain by a gnoll

Illustrated notes

Levels and vault maps discovered:
D:1:      dpeg_arrival_round_b, layout_basic
D:2:      layout_rooms, hellmonk_ecumenical_altar_watching_god
D:3:      layout_rooms, mainiacjoe_overflow_tiny_flanked, serial_shops, shop,
          gup_sewer_entry_bowl, corexii_shack
D:4:      layout_cave_pools, minmay_temple_entry_butterflies,
          uniq_crazy_yiuf_cottage
D:5:      layout_basic
D:6:      layout_rooms, ebering_ghost_reflecting_pool, uniq_duvessa, uniq_pikel,
          uniq_blork_the_orc
Temple:   mainiacjoe_temple_cubbyholes

Skill      XL: |  1  2  3  4  5  6  7 |
---------------+----------------------+-----
Stealth        | 3 4 5 |  5.2
Dodging        | 3 4 |  4.7
Conjurations   | 2 3 |  3.9
Spellcasting   | 4 5 |  5.5
Fire Magic     | 4 5 |  5.0

Action                   |  1- 3 |  4- 6 |  7- 9 || total
-------------------------+-------+-------+-------++-------
 Cast: Foxfire           |    43 |    56 |    12 ||   111
       Scorch            |     1 |     8 |     2 ||    11
       Conjure Flame     |       |     2 |       ||     2
  Use: Scroll            |     4 |     1 |       ||     5
Armor: Robe              |     2 |     2 |     6 ||    10
Dodge: Dodged            |    19 |    10 |    17 ||    46

Table legend: (Time is in decaauts)
 A = Elapsed time spent in this place.
 B = Non-inter-level travel time spent in this place.
 C = Inter-level travel time spent in this place.
 D = Time resting spent in this place.
 E = Time spent auto-exploring this place.
 F = Levels seen in this place.
 G = Mean time per level.
                   A        B        C        D        E       F      G
               +--------+--------+--------+--------+--------+-----+--------+
         Total |   5058 |   4820 |    238 |    229 |   3827 |   8 |  632.2 |
       Dungeon |   4505 |   4267 |    238 |    147 |   3493 |   6 |  750.8 |
        Temple |    336 |    336 |      0 |      0 |    269 |   1 |  336.0 |
         Sewer |    215 |    215 |      0 |     82 |     65 |   1 |  215.0 |
               +--------+--------+--------+--------+--------+-----+--------+

Top non-repeatable levels by time:
     D:1: 1269 daAuts
     D:5: 1040 daAuts
     D:4: 814 daAuts
     D:2: 732 daAuts
     D:3: 582 daAuts
  Temple: 336 daAuts
   Sewer: 215 daAuts
     D:6: 66 daAuts
